 Dungeon Crawl Stone Soup version 0.18-a0-1577-gf591c28 (webtiles) character file.

347 Sargon the Chopper (level 6, -1/51 HPs)
             Began as a Formicid Fighter on Mar 24, 2016.
             Slain by an orc warrior
             ... wielding a +0 dire flail
              (25 damage)
             ... on level 8 of the Dungeon.
             The game lasted 00:08:02 (2585 turns).

Sargon the Chopper (Formicid Fighter)               Turns: 2585, Time: 00:08:02

Health: -1/51      AC:  6    Str: 20    XL:     6   Next: 90%
Magic:  6/6        EV:  7    Int:  8    God:
Gold:   262        SH:  9    Dex: 12    Spells: 0 memorised, 5 levels left

rFire  . . .     SeeInvis +     a - +0 war axe
rCold  . . .     Gourm    .     b - +0 scale mail
rNeg   . . .     Faith    .     c - +0 shield
rPois  .         Spirit   .     (helmet unavailable)
rElec  .         Dismiss  .     (no cloak)
rCorr  .         Reflect  .     (no gloves)
SustAt .         Harm     .     (no boots)
MR     .....                    (no amulet)
Stlth  ..........               (no ring)
                                (no ring)

@: not resistant to hostile enchantments, extremely unstealthy
A: permanent stasis, dig shafts and tunnels, four strong arms, antennae 3,
robust 1
a: Dig, Shaft Self


You were on level 8 of the Dungeon.
You were not hungry.

You visited 1 branch of the dungeon, and saw 8 of its levels.

You collected 262 gold pieces.

Inventory:

Hand Weapons
 a - a +0 war axe (weapon)
Armour
 b - a +0 scale mail (worn)
 c - a +0 shield (worn)
Wands
 w - a wand of iceblast (9/15)
Scrolls
 g - a scroll of random uselessness {unknown}
 h - 7 scrolls of identify {unknown}
 i - 2 scrolls of amnesia {unknown}
 k - 2 scrolls of magic mapping {unknown}
 l - 4 scrolls of remove curse {unknown}
 m - 3 scrolls of teleportation {unknown}
 n - 2 scrolls of immolation {unknown}
 o - 2 scrolls of noise {unknown}
Potions
 d - a potion of might
 e - 3 potions of degeneration {unknown}
 r - a potion of heal wounds {unknown}
 s - a potion of beneficial mutation
 t - a potion of agility {unknown}
 v - a potion of cure mutation {unknown}
Books
 q - a book of Power

   Spells                             Type                      Level
   a - Fulminant Prism                Conjuration/Hexes            4
   b - Iskenderun's Mystic Blast      Conjuration                  4
   c - Venom Bolt                     Conjuration/Poison           5
   d - Bolt of Magma                  Conjuration/Fire/Earth       5
   e - Iron Shot                      Conjuration/Earth            6
   f - Orb of Destruction             Conjuration                  7
   g - Spellforged Servitor           Conjuration/Summoning        7
 u - a book of Envenomations

   Spells                             Type                      Level
   a - Spider Form                    Transmutation/Poison         3
   b - Olgreb's Toxic Radiance        Poison                       4
   c - Alistair's Intoxication        Transmutation/Poison         5
   d - Poisonous Cloud                Conjuration/Poison/Air       6
Comestibles
 f - a bread ration
 j - 3 meat rations
 x - 9 fruits


   Skills:
 - Level 3.3 Fighting
 + Level 6.7 Axes
 - Level 3.2 Armour
 - Level 3.7 Shields


You had 5 spell levels left.
You didn't know any spells.

Dungeon Overview and Level Annotations

Branches:
Dungeon (8/15)
 Temple: D:4-7         Lair: D:8-11

Altars:
Fedhas
Ru
Xom

Annotations:
D:6 septik's ghost, novice DsGl
D:8 exclusion: ice statue


Innate Abilities, Weirdness & Mutations

You are under a permanent stasis effect.
You can dig through walls and to a lower floor.
Your four strong arms can wield two-handed weapons with a shield.
You have a pair of large antennae on your head (SInv).
You are robust (+10% HP).


Message History

You kill the orc!
Things that are here:
a flail; a chain mail; an orc corpse An orc warrior comes into view.
It is wielding a dire flail.
The orc warrior shouts!
The orc warrior throws a tomahawk.
The tomahawk hits you!
You see here a tomahawk.
The orc warrior throws a tomahawk.
The tomahawk hits you.
You see here a tomahawk.
You see here a club.
The orc warrior throws a tomahawk.
The tomahawk hits you.
The orc warrior throws a tomahawk.
The tomahawk hits you but does no damage.
You see here a club.
The orc warrior throws a tomahawk.
The tomahawk hits you!
You see here a tomahawk.
The orc warrior throws a tomahawk.
The tomahawk hits you.
You see here a tomahawk.
The orc warrior hits you with a dire flail!!
You die...

..... #....#...
.....##...#....
#.............#
...............
...............
#.............
.#....o....#
.......@...#
.......(..(##
........((..#
..#..####)).# .
##. #(..# #
###.### #⌠...⌠#
#.....# #.....#


You could see an orc warrior.

Vanquished Creatures
  A sky beast (D:5)
  A giant frog (D:3)
  A centaur zombie (D:6)
  A hound skeleton (D:4)
  3 gnolls (D:3)
  5 adders
  3 oozes
  An adder skeleton (D:5)
  2 giant geckos
  2 orcs (D:8)
  6 bats
  3 giant cockroaches
  4 goblins
  6 hobgoblins
  11 jackals
  2 kobolds (D:2)
  A quokka (D:2)
  A giant newt (D:1)
  10 rats
64 creatures vanquished.

Notes
Turn   | Place    | Note
--------------------------------------------------------------
     0 | D:1      | Sargon the Formicid Fighter began the quest for the Orb.
     0 | D:1      | Reached XP level 1. HP: 18/18 MP: 1/1
   148 | D:1      | Reached XP level 2. HP: 22/24 MP: 2/2
   270 | D:1      | Reached skill level 3 in Axes
   304 | D:1      | Reached XP level 3. HP: 24/29 MP: 3/3
   770 | D:1      | You fall through a shaft!
   904 | D:2      | Reached skill level 4 in Axes
   904 | D:2      | Reached XP level 4. HP: 35/35 MP: 4/4
  1164 | D:2      | You fall through a shaft for 2 floors!
  1352 | D:3      | Found a sacrificial altar of Ru.
  1379 | D:3      | Noticed a giant frog
  1391 | D:3      | Killed a giant frog
  1391 | D:3      | Reached skill level 5 in Axes
  1391 | D:3      | Reached XP level 5. HP: 25/41 MP: 5/5
  1705 | D:3      | Found a shimmering altar of Xom.
  1970 | D:3      | Reached XP level 6. HP: 44/47 MP: 6/6
  2063 | D:3      | Found a blossoming altar of Fedhas.
  2082 | D:3      | You fall through a shaft for 2 floors!
  2082 | D:5      | Entered Level 5 of the Dungeon
  2082 | D:5      | Noticed an ice beast
  2093 | D:5      | HP: 2/47 [ice beast (13)]
  2094 | D:5      | Gained mutation: You are robust (+10% HP). [potion of beneficial mutation]
  2100 | D:5      | You fall through a shaft for 2 floors!
  2285 | D:6      | Reached skill level 6 in Axes
  2294 | D:6      | Noticed an orc warrior
  2295 | D:6      | Noticed a troll
  2329 | D:5      | Noticed a sky beast
  2342 | D:5      | Killed a sky beast
  2363 | D:6      | Noticed a black bear
  2363 | D:6      | Noticed septik's ghost (novice DsGl)
  2371 | D:5      | You fall through a shaft for 3 floors!
  2549 | D:8      | Noticed an ice statue
  2575 | D:8      | Noticed an orc warrior
  2585 | D:8      | Slain by an orc warrior

Vault maps used:
D:1:      roderic_crossed_star, st_stairs_4, minmay_rat_gold_closets
D:3:      overflow_temple_1_default, lemuel_doored_altar,
          fedhas_altar_fruit_tree
D:4:      first_bread, uniq_natasha, uniq_sigmund
D:5:      nicolae_ossuary_entry_giza, basic_altar
D:6:      kennysheep_little_box, lightli_temple_of_fire, slow_altar_1,
          vehumet_crystals, kb_rosetta, uniq_crazy_yiuf_cottage
D:7:      grunt_gozag_statues, minmay_temple_entry_enclosed_plants, the_bakery,
          grunt_ministairs_7
D:8:      lemuel_ice_statue, hangedman_abyss_or_decor_slice, uniq_erolcha,
          uniq_maurice

Skill      XL: |  1  2  3  4  5  6 |
---------------+-------------------+-----
Axes           | 3 4 5 6 |  6.7
Fighting       | |  3.3
Armour         | |  3.2
Shields        | |  3.7

Action                   |  1- 3 |  4- 6 || total
-------------------------+-------+-------++-------
Melee: War axe           |    96 |   122 ||   218
 Abil: Shaft Self        |     1 |     4 ||     5
  Use: Potion            |       |     4 ||     4
  Eat: Chunk             |       |     4 ||     4
       Bread ration      |       |     1 ||     1
